cohdb
Replays
Latest Replays
All Replays
Popular Replays
Top Player Replays
Match Explorer
How It Works
Community
CoH3 Stats
Reddit
Sign in to upload your games and track your stats! →
Sign in with Steam
Match 40335761
Unlisted
Match 40335761
Overview
Messages
Build Orders
End
Royal Engineer Section
Construct Section Command Post
Dingo Light Scout Car
Infantry Section
Vickers Machine Gun Team
Selects Heavy Armor Battlegroup
Construct Platoon Command Post
Infantry Section
Infantry Training
Selects Engineer Detachments
ML 3-inch Mortar Team
6-pounder Anti-tank Gun Team
^3
AI-Noob
0
0
Comments
sign in to comment!
No comments posted yet!